 Dungeon Crawl Stone Soup version 0.19-a0-1008-g4c63d25 (webtiles) character file.

53 HAL9000 the Cudgeler (level 3, -1/60 HPs)
             Began as an Ogre Berserker on July 22, 2016.
             Was a Believer of Trog.
             Slain by a gnoll
             ... wielding a +0 halberd of venom
              (2 damage)
             ... on level 2 of the Dungeon.
             The game lasted 00:01:26 (1048 turns).

HAL9000 the Cudgeler (Ogre Berserker)               Turns: 1048, Time: 00:01:27

Health: -1/60      AC: 26    Str: 22    XL:     3   Next: 87%
Magic:  3/3        EV:  1    Int:  6    God:    Trog [**....]
Gold:   57         SH:  0    Dex: 10    Spells: 0 memorised, 2 levels left

rFire  + . .     SeeInvis .     p - +1 flail (protect)
rCold  . . .     Gourm    .     (armour currently unavailable)
rNeg   + + +     Faith    .     (no shield)
rPois  +         Spirit   .     (helmet currently unavailable)
rElec  .         Dismiss  .     (cloak currently unavailable)
rCorr  .         Reflect  .     (gloves unavailable)
SustAt .         Harm     .     (boots unavailable)
MR     .....     NoTele   +     (no amulet)
Stlth  +.........               (no ring)
                                m - ring of protection from fire

@: lethally poisoned (-1 -> -12), tree-form, not resistant to hostile
enchantments, very unstealthy
A: unfitting armour, (tough skin 0)
a: Berserk, Trog's Hand, Burn Spellbooks, Renounce Religion


You were on level 2 of the Dungeon.
You worshipped Trog.
Trog was pleased with you.
You were near starving.
You were a tree.
You visited 1 branch of the dungeon, and saw 2 of its levels.

You collected 57 gold pieces.

Inventory:

Hand Weapons
 p - a +1 flail of protection (weapon)
Armour
 b - a +0 animal skin (melded)
Jewellery
 m - a ring of protection from fire (left branch)
Scrolls
 e - 2 scrolls of enchant armour {unknown}
 f - 2 scrolls of magic mapping {unknown}
 g - 2 scrolls of immolation {unknown}
 h - a scroll of remove curse {unknown}
 j - 3 scrolls of identify {unknown}
 n - a scroll of fog {unknown}
 o - a scroll of blinking {unknown}
 q - a scroll of random uselessness {unknown}
Comestibles
 c - 2 bread rations
 d - 2 beef jerkies
 k - a meat ration


   Skills:
 + Level 4.7 Fighting
 * Level 5.6 Maces & Flails
 - Level 2.6 Dodging


You had 2 spell levels left.
You didn't know any spells.

Dungeon Overview and Level Annotations

Branches:
Dungeon (2/15)

Altars:
Pakellas


Innate Abilities, Weirdness & Mutations

You are too large for most types of armour.
((You have tough skin. (AC +1)))


Message History

You feel sick.
* * * LOW HITPOINT WARNING * * *
You feel sick.
* * * LOW HITPOINT WARNING * * *
You feel sick.
* * * LOW HITPOINT WARNING * * *
You feel sick.
Unknown command.
It was a potion of lignification.
You turn into a tree.
Your +0 animal skin melds into your body.
Your roots penetrate the ground.
* * * LOW HITPOINT WARNING * * *
You feel sick. The gnoll hits you but does no damage.
Unknown command.
You cannot move.
You barely miss the gnoll.
* * * LOW HITPOINT WARNING * * *
You feel sick. The gnoll hits you but does no damage.
The gnoll hits you from afar with a halberd of venom.
You die...

#..#.......#.#.##...)..###.# #.
#..##.....##.#..'......'...# #.
###.####.####......#########.
... ............................
#..
###.#######...##..###########
#.# #.. #...##..# .. ..####.##
#...##..## .#
........#######........##.#
........'.......♣#####.##.#
........#######.#g......#.#
........# #...g.#...#.######
.....#'##########.#.#...........
..........>.....#....##.........
.......########............#####
.#####.# ##########...# .......#
##).# .####.## #g.#


You could see 2 gnolls.

Vanquished Creatures
  A gnoll (D:1)
  An adder (D:2)
  An ooze (D:1)
  A dart slug (D:1)
  A giant gecko (D:1)
  An orc (D:2)
  3 giant cockroaches (D:1)
  2 goblins (D:1)
  2 hobgoblins (D:1)
  3 jackals (D:1)
  A quokka (D:2)
  2 giant newts (D:1)
  3 kobolds
  5 rats (D:1)
27 creatures vanquished.

Notes
Turn   | Place    | Note
-------+----------+-------------------------------------------
     0 | D:1      | HAL9000 the Ogre Berserker began the quest for the Orb.
     0 | D:1      | Reached XP level 1. HP: 24/24 MP: 1/1
    86 | D:1      | Reached XP level 2. HP: 29/32 MP: 2/2
   188 | D:1      | Reached skill level 5 in Maces & Flails
   188 | D:1      | Reached XP level 3. HP: 40/40 MP: 3/3
   363 | D:1      | Reached ** piety under Trog
   909 | D:2      | Found an oddly glowing altar of Pakellas.
  1047 | D:2      | HP: 2/60 [poisoned by a gnoll]
  1048 | D:2      | Slain by a gnoll

Vault maps used:
D:1:      minmay_arrival_plants_in_alcoves
D:2:      nicolae_overflow_hidden_temple, old_standard_altar

Skill      XL: |  1  2 |
---------------+-------+-----
Maces & Flails | 5 |  5.6
Fighting       | |  4.7
Dodging        | |  2.6

Action                   || total
-------------------------++-------
Melee: Mace              ||    82
       Flail             ||     9
Invok: Berserk           ||     1
  Use: Potion            ||     1
Armor: Animal skin       ||    22
       Skin              ||     2
Dodge: Dodged            ||    56
